 Dungeon Crawl Stone Soup version 0.22-a0-776-ge6d7efa (webtiles) character file.

6 Amnesiac the Magician (level 1, -3/13 HPs)
             Began as a Mummy Earth Elementalist on July 18, 2018.
             Slain by a gnoll
             ... wielding a +0 spear
              (4 damage)
             ... on level 2 of the Dungeon.
             The game lasted 00:00:46 (136 turns).

Amnesiac the Magician (Mummy Earth Elementalist)     Turns: 136, Time: 00:00:47

Health: -3/13      AC:  2    Str: 11    XL:     1   Next: 75%
Magic:  4/4        EV: 12    Int: 14    God:
Gold:   0          SH:  0    Dex: 12    Spells: 4/5 levels left

rFire    x . .     SeeInvis .   (no weapon)
rCold    + . .     Gourm    .   (no shield)
rNeg     + + +     Faith    .   c - +0 robe
rPois    ∞         Spirit   .   (no helmet)
rElec    .         Reflect  .   (no cloak)
rCorr    .         Harm     .   (no gloves)
MR       .....                  (no boots)
Stlth    ++........             (no amulet)
HPRegen  0.04/turn              (no ring)
MPRegen  0.09/turn              (no ring)

@: no status effects
A: no food or potions, fire vulnerability, cold resistance 1, negative energy
resistance 3, torment resistance, unbreathing
a: no special abilities


You were on level 2 of the Dungeon.
You were not hungry.

You visited 1 branch of the dungeon, and saw 2 of its levels.

Inventory:

Missiles
 b - 25 stones (quivered)
Armour
 c - a +0 robe (worn)


   Skills:
 + Level 0.2 Fighting
 * Level 1.7 Dodging
 - Level 1.5 Stealth
 + Level 2.7 Spellcasting
   Level 0.7 Transmutations
 + Level 2.6 Earth Magic


You had 4 spell levels left.
You knew the following spells:

 Your Spells              Type           Power        Failure   Level  Hunger
a - Sandblast             Erth           #.....       8%          1    N/A

Your spell library contained the following spells:

 Spells                   Type           Power        Failure   Level  Hunger
 Stone Arrow              Conj/Erth      #.....       36%         3    N/A
 Passwall                 Tmut/Erth      #.......     17%         2    N/A
 Lee's Rapid Deconstruct  Erth           #.........   90%         5    N/A
 Petrify                  Tmut/Erth      #.......     73%         4    N/A

Dungeon Overview and Level Annotations

Branches:
Dungeon (1/15)

Altars:


Innate Abilities, Weirdness & Mutations

You do not eat or drink.
Your flesh is vulnerable to fire.
You are immune to poison.
Your flesh is cold resistant. (rC+)
You are immune to negative energy. (rN+++)
You are immune to unholy pain and torment.
You can survive without breathing.


Message History

Confirm with . or Enter, or press ? or * to list all spells.
Aiming: Sandblast (safe; 8% risk of failure)
Press: ? - help, Shift-Dir - straight line, f - bat
Aim: a bat (resting)
The blast of sand hits the bat.
You kill the bat!
b - 28 stones
Casting: Sandblast (safe; 8% risk of failure)
Confirm with . or Enter, or press ? or * to list all spells.
You can't see any susceptible monsters within range! (Use Z to cast anyway.)
Casting: Sandblast (safe; 8% risk of failure)
Confirm with . or Enter, or press ? or * to list all spells.
You can't see any susceptible monsters within range! (Use Z to cast anyway.)
You start resting.
Magic restored.
Found an escape hatch in the ceiling.
Found 16 poisoned needles.
A goblin comes into view. It is wielding a club.
The goblin shouts!
You hear a shout!
The goblin moves out of view.
Found 2 large rocks.
A bat comes into view.
Found an escape hatch in the floor.
Casting: Sandblast (safe; 8% risk of failure)
Confirm with . or Enter, or press ? or * to list all spells.
Aiming: Sandblast (safe; 8% risk of failure)
Press: ? - help, Shift-Dir - straight line, f - goblin
Aim: a goblin, wielding a club The blast of sand misses the goblin.
b - 27 stones A gnoll comes into view. It is wielding a whip.
Casting: Sandblast (safe; 8% risk of failure)
Confirm with . or Enter, or press ? or * to list all spells.
Aiming: Sandblast (safe; 8% risk of failure)
Press: ? - help, Shift-Dir - straight line, f/p - goblin
Aim: a goblin, wielding a club The blast of sand hits the goblin.
You kill the goblin!
b - 26 stones The gnoll shouts!
You hear an angry hiss.
A frilled lizard comes into view.
A gnoll comes into view. It is wielding a spear.
Casting: Sandblast (safe; 8% risk of failure)
Confirm with . or Enter, or press ? or * to list all spells.
Aiming: Sandblast (safe; 8% risk of failure)
Press: ? - help, Shift-Dir - straight line, f - bat
Aim: a bat The blast of sand hits the bat.
You kill the bat!
b - 25 stones
There is an escape hatch in the ceiling here.
A gnoll comes into view. It is wielding a spear.
The gnoll shouts!
The gnoll hits you from afar with a spear.
The frilled lizard bites you. The gnoll barely misses you.
The gnoll hits you from afar with a spear!
Ouch! That really hurt!
* * * LOW HITPOINT WARNING * * *
Found a ration.
There is an escape hatch in the floor here.
The frilled lizard barely misses you.
The gnoll hits you from afar with a spear.
You die...

####..# # ...#.##
........ .......#
....#.##.......###. #
#.......%##..(....
#.#...#....##.....# .
.........##.....#..
#......().......#
#.@.....†.......#.
######l#..#####g........
#....gg...# #.#.##....
#.###g###.#####.#.# ....
#.# #.# ##.......##.#..
#.###.#####.####......#.
#.......<...............
########..............#.
#.######..........


You could see 3 gnolls and a frilled lizard.

Vanquished Creatures
  A leopard gecko (D:1)
  4 bats
  A goblin (D:2)
  A kobold (D:2)
7 creatures vanquished.

Notes
Turn   | Place    | Note
-------+----------+-------------------------------------------
     0 | D:1      | Amnesiac the Mummy Earth Elementalist began the quest for the Orb.
     0 | D:1      | Reached XP level 1. HP: 13/13 MP: 4/4
    63 | D:1      | You fall through a shaft!
   136 | D:2      | Slain by a gnoll

Vault maps used:
D:1:      scummos_arrival_checkerplants, serial_bayou_lake_a
D:2:      gammafunk_temple_overflow_forgotten, skrybe_limestone_x,
          dk_xom_monty_hall, uniq_terence

Action                   || total
-------------------------++-------
 Cast: Sandblast         ||     9
Dodge: Dodged            ||     3

Table legend:
 A = Spawn XP
 B = Non-spawn XP
 C = Spawn XP percentage of total XP
 D = Spawn monster count
 E = Non-spawn monster count
 F = Spawn count percentage of total count
 G = Total turns spent on level
                    A         B        C        D         E        F      G
               +---------+---------+-------+---------+---------+-------+---------
         Total |       0 |       9 |   0.0 |       0 |       7 |   0.0 |   136
               +---------+---------+-------+---------+---------+-------+---------
           D:1 |       0 |       4 |   0.0 |       0 |       2 |   0.0 |    63
           D:2 |       0 |       5 |   0.0 |       0 |       5 |   0.0 |    73
               +---------+---------+-------+---------+---------+-------+---------
